 Dungeon Crawl Stone Soup version 0.23.2-1-ga50397a6bc (webtiles) character file.

Game seed: 12566540974816977929

1430 FluffierThanThou the Chopper (level 8, -1/71 HPs)
             Began as a Minotaur Fighter on May 18, 2019.
             Was a Believer of Okawaru.
             Killed by divine providence
             ... invoked by an orc priest
              (14 damage)
             ... on level 6 of the Dungeon.
             The game lasted 00:09:36 (5545 turns).

FluffierThanThou the Chopper (Minotaur Fighter)     Turns: 5545, Time: 00:09:39

Health: -1/71      AC: 14    Str: 23    XL:     8   Next: 45%
Magic:  9/9        EV:  8    Int:  5    God:    Okawaru [**....]
Gold:   284        SH: 10    Dex: 10    Spells: 7/7 levels left

rFire    . . .     SeeInvis +   a - +0 war axe
rCold    . . .     Gourm    .   c - +0 shield
rNeg     . . .     Faith    .   x - +0 scale mail
rPois    .         Spirit   .   (helmet restricted)
rElec    .         Reflect  .   (no cloak)
rCorr    .         Harm     .   w - +0 pair of gloves
MR       .....                  r - +0 pair of boots
Stlth    ..........             (no amulet)
HPRegen  0.21/turn              q - +4 ring of protection
MPRegen  0.11/turn              t - ring of see invisible

@: no status effects
A: retaliatory headbutt, horns 2
a: Heroism, Renounce Religion


You were on level 6 of the Dungeon.
You worshipped Okawaru.
Okawaru was pleased with you.
You were not hungry.

You visited 1 branch of the dungeon, and saw 6 of its levels.

You collected 284 gold pieces.

Inventory:

Hand Weapons
 a - a +0 war axe (weapon)
Armour
 c - a +0 shield (worn)
 r - a +0 pair of boots (worn)
 w - a +0 pair of gloves (worn)
 x - a +0 scale mail (worn)
Jewellery
 q - a +4 ring of protection (left hand)
 s - a +3 ring of intelligence
 t - a ring of see invisible (right hand)
Wands
 v - a wand of acid (11)
 y - a wand of polymorph (8)
Scrolls
 b - a scroll of magic mapping {unknown}
 d - a scroll of blinking {unknown}
 e - 3 scrolls of identify
 g - 4 scrolls of remove curse
 i - a scroll of noise {unknown}
 k - 2 scrolls of immolation
 m - a scroll of fog {unknown}
 o - a scroll of enchant weapon {unknown}
 p - 3 scrolls of teleportation
 u - 2 scrolls of amnesia {unknown}
Potions
 h - a potion of ambrosia
 j - 2 potions of flight
 l - 2 potions of curing
 n - 3 potions of heal wounds {unknown}
 z - a potion of invisibility {unknown}
Comestibles
 f - 8 rations
 A - 2 chunks of flesh


   Skills:
 + Level 6.4 Fighting
 + Level 7.1 Axes
 + Level 6.7 Armour
 - Level 1.1 Dodging
 - Level 0.3 Stealth
 + Level 6.4 Shields
 + Level 3.3 Invocations


You had 7 spell levels left.
You didn't know any spells.
Your spell library contained the following spells:

 Spells                   Type           Power        Failure   Level  Hunger
 Animate Skeleton         Necr           N/A          98%         1    ##.....
 Apportation              Tloc           #.....       98%         1    ##.....
 Beastly Appendage        Tmut           #.....       98%         1    ##.....
 Confusing Touch          Hex            #.....       98%         1    ##.....
 Summon Small Mammal      Summ           #...         98%         1    ##.....
 Sticks to Snakes         Tmut           #.......     99%         2    ###....
 Spider Form              Tmut/Pois      #.........   100%        3    ####...
 Ice Form                 Ice/Tmut       #.......     100%        4    #####..
 Blade Hands              Tmut           #.........   100%        5    ######.


Dungeon Overview and Level Annotations

Branches:
Dungeon (6/15)
 Temple: D:4-7

Altars:
Ashenzari
Cheibriados
Gozag
Kikubaaqudgha
Okawaru
Sif Muna
Trog

Annotations:
D:5 Blork the orc


Innate Abilities, Weirdness & Mutations

You reflexively headbutt those who attack you in melee.
You have a pair of horns on your head.


Message History

The orc priest looks encouraged for a moment.
You closely miss the orc warrior.
The orc warrior is moderately wounded.
The orc warrior barely misses you. You furiously retaliate!
You headbutt the orc warrior.
The orc priest invokes the aid of Beogh against you.
Beogh smites you!
You closely miss the orc warrior.
The orc warrior is heavily wounded.
The orc warrior hits you with a +0 war axe!!
You hit the orc warrior but do no damage.
The orc warrior is heavily wounded.
You block the orc warrior's attack.
You hit the orc warrior. You headbutt the orc warrior!
The orc warrior is almost dead.
The orc warrior hits you with a +0 war axe!
* * * LOW HITPOINT WARNING * * *
The orc priest invokes the aid of Beogh against you.
Beogh smites you!
You die...

####.#.#......
##......... ..
###.######.
##.
#..........
...
#.########.
.o. #.# #o#
#.# #o# #.#
#o# ## #.#
#@##.# # #.#
########(#.#
.# ##.#
#.........#
#.# #..#
#.######.##
#..# #.## #.#
##.###.. #.#
#.# ##.#.# #.#
#.# ##.# #.#
##.## #.# #.#
#...### #.#


You could see an orc warrior, 2 orc priests and an orc wizard (invisible).

Vanquished Creatures
  Sigmund (D:5)
  Edmund (D:5)
  Duvessa (D:6)
  A phantom (D:4)
  An ice beast (D:5)
  A sky beast (D:6)
  2 black bears (D:6)
  Dowan (D:6)
  A centaur skeleton (D:6)
  A jelly (D:6)
  2 orc priests (D:5)
  4 orc wizards
  Crazy Yiuf (D:3)
  Jessica (D:3)
  3 worker ants
  A hound skeleton (D:6)
  Robin (D:2)
  A howler monkey skeleton (D:4)
  6 adders
  2 adder skeletons (D:4)
  A worm (D:2)
  2 dart slugs
  2 leopard geckos
  19 orcs
  2 ball pythons
  A giant cockroach (D:2)
  19 goblins
  13 hobgoblins
  4 jackals (D:2)
  6 kobolds
  A quokka (D:4)
  7 bats
  6 frilled lizards
  2 quokka skeletons (D:4)
  5 rats
123 creatures vanquished.

Notes
Turn   | Place    | Note
-------+----------+-------------------------------------------
     0 | D:1      | FluffierThanThou the Minotaur Fighter began the quest for
                  | the Orb.
     0 | D:1      | Reached XP level 1. HP: 19/19 MP: 0/0
   191 | D:1      | Reached XP level 2. HP: 21/27 MP: 1/1
   503 | D:1      | Reached skill level 3 in Axes
   915 | D:2      | Reached XP level 3. HP: 33/33 MP: 2/2
   960 | D:2      | Noticed Robin
   982 | D:2      | Killed Robin
  1002 | D:2      | Reached skill level 4 in Axes
  1110 | D:2      | Reached XP level 4. HP: 40/40 MP: 3/3
  2064 | D:3      | Found a snail-covered altar of Cheibriados.
  2166 | D:3      | Noticed Jessica
  2172 | D:3      | Killed Jessica
  2361 | D:3      | Found a runed translucent door.
  2362 | D:3      | Noticed Crazy Yiuf
  2422 | D:3      | Reached XP level 5. HP: 45/47 MP: 4/4
  2447 | D:3      | Reached skill level 5 in Axes
  2562 | D:3      | Found an opulent altar of Gozag.
  3136 | D:3      | Killed Crazy Yiuf
  3334 | D:4      | Reached skill level 1 in Dodging
  3334 | D:4      | Reached XP level 6. HP: 37/53 MP: 5/5
  3519 | D:4      | Found an iron altar of Okawaru.
  3528 | D:4      | Became a worshipper of Warmaster Okawaru
  3685 | D:4      | Reached skill level 5 in Armour
  3881 | D:4      | Found an ancient bone altar of Kikubaaqudgha.
  3885 | D:4      | Found a shattered altar of Ashenzari.
  3887 | D:4      | Found an opulent altar of Gozag.
  3897 | D:4      | Reached skill level 5 in Fighting
  3897 | D:4      | Reached skill level 1 in Invocations
  4128 | D:5      | Entered Level 5 of the Dungeon
  4146 | D:5      | Noticed Sigmund
  4158 | D:5      | Killed Sigmund
  4158 | D:5      | Reached skill level 6 in Axes
  4158 | D:5      | Reached skill level 5 in Shields
  4158 | D:5      | Reached XP level 7. HP: 39/61 MP: 5/7
  4166 | D:5      | Reached * piety under Okawaru
  4826 | D:5      | Noticed Blork the orc
  4844 | D:5      | Found a deep blue altar of Sif Muna.
  4956 | D:5      | Noticed Edmund
  4974 | D:5      | Killed Edmund
  5043 | D:6      | Found a bloodstained altar of Trog.
  5049 | D:6      | Reached XP level 8. HP: 65/70 MP: 8/8
  5228 | D:6      | Noticed Dowan
  5229 | D:6      | Noticed Duvessa
  5242 | D:6      | Killed Dowan
  5265 | D:6      | Killed Duvessa
  5265 | D:6      | Reached ** piety under Okawaru
  5265 | D:6      | Reached skill level 7 in Axes
  5545 | D:6      | Killed from afar by an orc priest

Skill      XL: |  1  2  3  4  5  6  7  8 |
---------------+-------------------------+-----
Armour         | 4 5 6 |  6.7
Fighting       | 4 5 6 |  6.4
Axes           | 3 4 5 6 7 |  7.1
Shields        | 4 5 6 |  6.4
Dodging        | 1 |  1.1
Invocations    | 1 2 3 |  3.3
Stealth        | |  0.3

Action                   |  1- 3 |  4- 6 |  7- 9 || total
-------------------------+-------+-------+-------++-------
Melee: War axe           |    86 |   167 |   112 ||   365
       Headbutt          |     8 |    24 |    23 ||    55
  Use: Potion            |     1 |     2 |     1 ||     4
       Scroll            |       |       |     4 ||     4
  Eat: Ration            |     1 |       |     1 ||     2
       Chunk             |       |     7 |     1 ||     8
Armor: Scale mail        |    40 |    61 |    42 ||   143
Dodge: Dodged            |    20 |    34 |    30 ||    84
Block: Shield            |    43 |    69 |    57 ||   169
